AoeStats
← urmomhappy

Black Forest

510005265Analyzed
4v4 RM · 5d ago on Sep 29, 2026· 38m 14s· 8 players
Game mode
Random Map
Map size
Large (8 player)
Population
200
Speed
Normal
Resources
Standard
Victory
Conquest
Starting age
Dark Age
Ending age
Imperial Age
RankedLock teamsTeams togetherTeam positionsShared explorationLock speedFull tech treeHidden civsTurbo modeCheats
Victory
Defeat
🇩🇪 Aztecs · Germany
1299
+14
🇨🇳 Burgundians · China
1289
+14
🇦🇷 Britons · Argentina
1286
+14
🇫🇷 Armenians · France
1233
+16
🇺🇸 Britons · United States
1412
-20
🇧🇷 Malay · Brazil
1373
-19
🇺🇸 Koreans · United States
1210
-13
🇺🇸 Danes · United States
1000
-24
hipster horse
11:27 Feudal Age
12:18 Double-Bit Axe
15:06 Castle Age
13:24 Horse Collar
16:58 Bow Saw
21:46 Heavy Plow
23:21 Wheelbarrow
24:29 Hand Cart
24:56 Loom
25:26 Gold Mining
25:30 Stone Mining
26:04 Town Watch
26:18 Fletching
26:39 Forging
26:30 Scale Mail Armor
28:31 Iron Casting
27:52 Bodkin Arrow
28:37 Gold Shaft Mining
28:40 Stone Shaft Mining
30:51 Imperial Age
28:49 Squires
28:35 Arson
28:13 Eagle Warrior
30:24 Chain Mail Armor
29:53 Treadmill Crane
30:51 Ballistics
31:57 Garland Wars
30:59 Onager
32:06 Siege Engineers
32:55 Crop Rotation
31:56 Elite Eagle Warrior
33:11 Conscription
35:41 Plate Mail Armor
36:11 Blast Furnace
misspa
0:26 Loom
13:10 Feudal Age
14:44 Double-Bit Axe
19:09 Fletching
22:21 Castle Age
20:21 Gold Mining
20:55 Padded Archer Armor
21:01 Horse Collar
22:59 Bodkin Arrow
22:50 Crossbowman
24:50 Wheelbarrow
25:32 Gold Shaft Mining
28:22 Bow Saw
34:48 Hand Cart
37:20 Imperial Age
36:32 Stone Mining
37:33 Leather Archer Armor
37:41 Ballistics
39:09 Two-Man Saw
38:01 Arbalester
38:45 Bracer
39:16 Ring Archer Armor
CavArchers
4:24 Double-Bit Axe
5:09 Double-Bit Axe
10:48 Feudal Age
14:27 Castle Age
12:40 Bow Saw
13:09 Horse Collar
14:03 Heavy Plow
16:49 Wheelbarrow
19:41 Fervor
19:48 Gold Mining
25:25 Imperial Age
24:33 Two-Man Saw
25:16 Hand Cart
24:48 Loom
25:04 Scale Mail Armor
25:06 Padded Archer Armor
26:01 Chain Mail Armor
26:18 Forging
27:16 Chemistry
27:51 Plate Mail Armor
28:12 Guilds
28:26 Squires
28:11 Arson
29:21 Iron Casting
29:01 Leather Archer Armor
32:18 Blast Furnace
31:39 Pikeman
32:40 Halberdier
33:15 Fletching
33:32 Town Watch
34:33 Caravan
35:05 Coinage
35:52 Bodkin Arrow
36:04 Scale Barding Armor
35:50 Stone Mining
36:39 Gold Shaft Mining
37:32 Banking
38:30 Treadmill Crane
39:00 Masonry
38:45 Murder Holes
39:01 Fortified Wall
39:12 Ballistics
38:42 Guard Tower
38:38 Arrowslits
Lasse
0:26 Loom
11:47 Feudal Age
16:51 Castle Age
15:09 Double-Bit Axe
15:35 Horse Collar
17:32 Scale Mail Armor
17:24 Gold Mining
17:28 Man-at-Arms
18:49 Squires
18:51 Long Swordsman
19:39 Gambesons
23:31 Forging
25:19 Bow Saw
26:00 Wheelbarrow
27:25 Hand Cart
28:31 Heavy Plow
30:57 Gold Mining
31:03 Stone Mining
34:29 Imperial Age
32:03 Fletching
33:09 Bodkin Arrow
34:22 Gold Shaft Mining
34:00 Padded Archer Armor
35:27 Chain Mail Armor
36:16 Chemistry
35:37 Ballistics
36:31 Murder Holes
urmomhappy
8:32 Loom
10:28 Feudal Age
12:36 Double-Bit Axe
12:33 Horse Collar
15:06 Castle Age
17:47 Wheelbarrow
17:34 Bow Saw
19:32 Heavy Plow
22:07 Gold Mining
24:15 Hand Cart
25:14 Gold Shaft Mining
25:00 Caravan
25:08 Stone Mining
25:27 Scale Mail Armor
25:38 Forging
29:43 Imperial Age
28:26 Chain Mail Armor
28:47 Iron Casting
28:34 Ballistics
28:23 Town Watch
28:45 Murder Holes
29:00 Masonry
28:44 Fletching
31:08 Plate Mail Armor
31:39 Blast Furnace
31:01 Conscription
30:04 Hamask
30:12 Pikeman
30:53 Squires
30:57 Heavy Scorpion
31:41 Man-at-Arms
32:07 Gambesons
33:36 Chemistry
32:42 Siege Engineers
32:50 Bodkin Arrow
32:22 Long Swordsman
33:57 Two-Handed Swordsman
34:41 Bracer
34:08 Capped Ram
34:09 Onager
34:48 Champion
ajanderson120
0:49 Loom
11:57 Feudal Age
18:42 Castle Age
16:36 Stone Mining
16:56 Double-Bit Axe
17:21 Horse Collar
17:42 Gold Mining
20:35 Bow Saw
31:29 Wheelbarrow
31:10 Heavy Plow
35:52 Imperial Age
33:45 Ballistics
32:52 Crossbowman
34:18 Thumb Ring
36:34 Fletching
36:54 Eupseong
37:22 Hand Cart
37:42 Conscription
38:39 Chemistry
Maximus_jr
0:28 Loom
12:16 Feudal Age
12:44 Double-Bit Axe
16:52 Castle Age
15:22 Horse Collar
16:21 Fletching
23:03 Ballistics
24:04 Bodkin Arrow
25:41 Wheelbarrow
25:59 Padded Archer Armor
28:34 Bow Saw
Mionel Lessi
1:54 Loom
12:45 Feudal Age
12:29 Horse Collar
13:56 Double-Bit Axe
18:42 Castle Age
19:01 Wheelbarrow
18:42 Bow Saw
18:34 Heavy Plow
18:28 Stone Mining
18:28 Gold Mining
23:50 Gold Shaft Mining
25:18 Stone Shaft Mining
25:01 Hand Cart
24:32 Town Watch
28:41 Fletching
33:21 Imperial Age
30:59 Scale Barding Armor
31:11 Forging
31:42 Bodkin Arrow
32:50 Iron Casting
32:19 Squires
32:05 Arson
33:17 Conscription
32:19 Elite Karambit Warrior
33:20 Bracer
35:37 Blast Furnace
Connection lost

Rejoining the realm…

Still unreachable

The connection could not be restored.

Session expired

The server has moved on; the page needs a fresh start.